[Event "World Junior U20 Open 2018"]
[Site "Gebze"]
[Date "2018.09.07"]
[Round "3.76"]
[White "Zlatin, Alexander"]
[Black "Rajic, Ivan"]
[Result "1-0"]
[ECO "B20"]
[WhiteElo "2312"]
[BlackElo "2021"]
[Annotator "ChessBase"]
[PlyCount "123"]
[EventDate "2018.09.05"]
[EventType "swiss"]
[EventCountry "TUR"]
[SourceTitle "playchess.com"]
[Source "ChessBase"]
[SourceQuality "1"]
[TimeControl "40/5400+30:1800+30"]

1. e4 c5 2. a3 e6 3. b4 cxb4 4. axb4 Bxb4 5. Bb2 Nf6 6. e5 Nd5 7. c4 Ne7 8. Qg4 Nf5 9. Bd3 O-O 10. Nf3 Nc6 11. O-O Be7 12. Qe4 Nb4 13. Nc3 f6 14. Bb1 fxe5 15. Nxe5 d6 16. Nf3 Kh8 17. Qg4 Bf6 18. Ba3 Nc6 19. Qe4 g6 20. Rd1 Ncd4 21. Ra2 Bd7 22. Nxd4 Nxd4 23. Bxd6 Bc6 24. Qf4 Rf7 25. Re1 Kg8 26. Nd1 Bg7 27. Qg3 Nf5 28. Bxf5 exf5 29. Ra3 Qd7 30. Bf4 Re8 31. Rxe8+ Qxe8 32. Ne3 a6 33. h4 Qe7 34. Rd3 Be4 35. Nd5 Bxd5 36. Rxd5 Bf6 37. Bg5 Bxg5 38. hxg5 f4 39. Qd3 f3 40. Rd8+ Rf8 41. Qd5+ Qf7 42. Qxf7+ Kxf7 43. Rd7+ Ke6 44. Rxb7 Rd8 45. gxf3 Rxd2 46. Rxh7 Rc2 47. Rc7 a5 48. Ra7 Rxc4 49. Rxa5 Rf4 50. Kg2 Rf5 51. Rxf5 Kxf5 52. Kg3 Kxg5 53. f4+ Kf5 54. Kf3 Ke6 55. Kg4 Kf7 56. Kg5 Kg7 57. f5 gxf5 58. Kxf5 Kf7 59. f4 Kf8 60. Kf6 Ke8 61. Kg7 Ke7 62. f5 1-0

[Event "World Junior U20 Open 2018"]
[Site "Gebze"]
[Date "2018.09.07"]
[Round "3.77"]
[White "Erdogan, Anil Berk"]
[Black "Akdogan, Alperen"]
[Result "1-0"]
[ECO "B03"]
[WhiteElo "2083"]
[BlackElo "2278"]
[Annotator "NA"]
[PlyCount "69"]
[EventDate "2018.09.05"]
[EventType "swiss"]
[EventCountry "TUR"]
[SourceTitle "playchess.com"]
[Source "ChessBase"]
[SourceQuality "1"]
[TimeControl "40/5400+30:1800+30"]

1. e4 Nf6 2. e5 Nd5 3. c4 Nb6 4. d4 d6 5. f4 dxe5 6. fxe5 Bf5 7. Nc3 e6 8. Be3 Bb4 9. Nf3 c5 10. dxc5 Qxd1+ 11. Kxd1 Bxc3 $1 12. bxc3 Na4 13. Nd4 Nxc3+ 14. Ke1 Nc6 15. Nb5 $15 Nb4 16. Kf2 Nc2 17. Nxc3 Nxa1 18. g4 Bg6 19. Bg2 Nc2 20. Bxb7 Rb8 21. c6 Nxe3 22. Kxe3 Ke7 23. Na4 Rhc8 24. Rd1 Rc7 25. Nc5 Rd8 26. Rxd8 Kxd8 27. Na6 f6 28. Kd4 h5 29. Kc5 Be4 30. Kd6 Rxb7 31. cxb7 Bxb7 32. Nc5 Bf3 33. Nxe6+ Kc8 34. gxh5 fxe5 35. Nxg7 1-0

[Event "World Junior U20 Open 2018"]
[Site "Gebze"]
[Date "2018.09.07"]
[Round "3.78"]
[White "Ozturk, Efe Hakan"]
[Black "Kara, Yanki"]
[Result "1-0"]
[ECO "A04"]
[WhiteElo "2065"]
[BlackElo "2262"]
[Annotator "NA"]
[PlyCount "163"]
[EventDate "2018.09.05"]
[EventType "swiss"]
[EventCountry "TUR"]
[SourceTitle "playchess.com"]
[Source "ChessBase"]
[SourceQuality "1"]
[TimeControl "40/5400+30:1800+30"]

1. Nf3 c5 2. g3 Nc6 3. d4 cxd4 4. Nxd4 g6 5. Bg2 Bg7 6. Nxc6 bxc6 7. O-O Rb8 {[%emt 0:02:30] LiveBook: 95 Games} 8. Nd2 Nf6 9. Nb3 Bb7 10. Be3 Ra8 11. a4 O-O 12. a5 Qc7 13. a6 Bc8 14. Qd2 $11 Ne8 15. Ra2 d6 16. Qa5 Bd7 17. Rfa1 Rc8 18. Qxc7 Rxc7 19. Bb6 axb6 20. a7 Rc8 21. a8=Q Rxa8 22. Rxa8 Bxb2 23. R1a6 Bg7 24. Rxb6 c5 25. Ra7 Nf6 26. Na5 Re8 27. Bc6 Bxc6 28. Nxc6 Kf8 29. Rbb7 Ng8 30. e4 g5 31. e5 dxe5 32. Ra5 Nf6 33. Rxc5 Ne4 34. Ra5 Nd6 35. Rd7 Bf6 36. Nxe5 Rc8 37. Ng4 Bd4 38. c3 Bxc3 39. Rxg5 Bd4 40. Rd5 Rc1+ 41. Kg2 Bb6 42. Re5 f5 43. Rexe7 fxg4 44. Rxh7 Kg8 45. Rxd6 Kxh7 46. Rxb6 Rc4 47. h3 gxh3+ 48. Kxh3 Ra4 49. f4 Kg7 50. Kg4 Ra3 51. Kh4 Rf3 52. Ra6 Kh7 53. Kg4 Rb3 54. f5 Kg7 55. Kf4 Rb7 56. Kg5 Kf7 57. g4 Kg7 58. Kh5 Rb1 59. f6+ Kf7 60. g5 Rh1+ 61. Kg4 Rg1+ 62. Kf5 Rf1+ 63. Ke4 Re1+ 64. Kf3 Rf1+ 65. Kg2 Rf5 66. Ra7+ Kg8 67. Rg7+ Kh8 68. Rg6 Kh7 69. Rh6+ Kg8 70. Rh5 Ra5 71. Kf3 Ra3+ 72. Kf4 Ra4+ 73. Kf5 Ra5+ 74. Kg6 Ra6 75. Rh1 Rb6 76. Ra1 Rb8 77. f7+ Kf8 78. Rf1 Rb2 79. Rf4 Re2 80. Ra4 Re6+ 81. Kf5 Rf6+ 82. gxf6 1-0

[Event "World Junior U20 Open 2018"]
[Site "Gebze"]
[Date "2018.09.07"]
[Round "3.79"]
[White "Ozgur, Tibet Kagan"]
[Black "Yilmaz, Goktan"]
[Result "1-0"]
[ECO "D02"]
[WhiteElo "2056"]
[BlackElo "2237"]
[Annotator "NA"]
[PlyCount "159"]
[EventDate "2018.09.05"]
[EventType "swiss"]
[EventCountry "TUR"]
[SourceTitle "playchess.com"]
[Source "ChessBase"]
[SourceQuality "1"]
[TimeControl "40/5400+30:1800+30"]

1. d4 Nf6 2. Nf3 d5 3. Bf4 c5 4. e3 Nc6 5. c3 Qb6 6. Qb3 c4 7. Qxb6 {[%emt 0:00:30] LiveBook: 195 Games} axb6 8. Na3 e6 {[%emt 0:17:00] D02: Damenbauernspiele} (8... Bf5 9. Nb5 Kd7 10. Be2 e6 11. O-O Ra5 12. a4 Bc2 13. Ng5 Bg6 14. Rfc1 Be7 15. Nf3 Rha8 16. Nc7 Rc8 {0-1 (35) Javakhishvili,L (2465)-Girya,O (2482) Tbilisi 2018}) 9. Nb5 Ra5 10. Nd6+ Bxd6 11. Bxd6 Ne4 12. Bc7 Kd7 13. Bg3 $146 ({Vorgänger:} 13. Bf4 f6 14. g4 g5 15. Bg3 b5 16. Nd2 Nxg3 17. hxg3 {½-½ (40) Fabiani,J (2378)-Sacerdotali,S (2282) IECG email 2002}) 13... Nxg3 14. hxg3 f6 15. a3 Kd6 16. O-O-O Bd7 17. e4 b5 18. Re1 dxe4 19. Rxe4 Be8 20. Nd2 Bg6 21. Re1 Raa8 22. Be2 e5 $11 23. dxe5+ Nxe5 24. f4 Nd7 25. Bh5 Bd3 26. Ne4+ Bxe4 27. Rxe4 Nc5 28. Rd4+ Kc7 29. Rd5 Kb6 30. Kc2 Rad8 31. Rhd1 Rxd5 32. Rxd5 Nd3 33. Rd7 g6 34. Be2 Nc5 35. Rd6+ Kc7 36. Rxf6 Re8 37. Bg4 Re1 38. Rf7+ Kb6 39. Rf6+ Ka7 40. Rd6 Rf1 41. Rd1 Rf2+ 42. Rd2 Rf1 43. Rd1 Rf2+ 44. Rd2 Rxd2+ 45. Kxd2 Kb6 46. Bf3 Kc7 47. g4 Kd6 48. g5 Nd3 49. Ke3 Nxb2 50. Bxb7 Na4 51. Kd4 Nc5 52. Bc8 Nd3 53. Ba6 Nxf4 54. Bxb5 Ne6+ 55. Kxc4 Nxg5 56. Kd3 Ne6 57. Ke3 g5 58. Bd3 h5 59. Be2 h4 60. Bf3 Kc5 61. Ke4 Kc4 62. Kf5 Nf4 63. a4 h3 64. g4 Nd5 65. a5 Nxc3 66. a6 Nb5 67. Kxg5 Kc5 68. Kh4 h2 69. Kg3 Kb6 70. Kxh2 Nd6 71. Be2 Nc8 72. Kg3 Kc5 73. Kf4 Kd6 74. Kf5 Ke7 75. Kg6 Ke6 76. g5 Ne7+ 77. Kh7 Nc6 78. g6 Kf6 79. g7 Ne7 80. a7 1-0

[Event "World Junior U20 Open 2018"]
[Site "Gebze"]
[Date "2018.09.07"]
[Round "3.80"]
[White "Baylav, Can"]
[Black "Sezdbekov, Ruslan"]
[Result "1-0"]
[ECO "E11"]
[WhiteElo "2026"]
[BlackElo "2160"]
[Annotator "NA"]
[PlyCount "61"]
[EventDate "2018.09.05"]
[EventType "swiss"]
[EventCountry "TUR"]
[SourceTitle "playchess.com"]
[Source "ChessBase"]
[SourceQuality "1"]
[TimeControl "40/5400+30:1800+30"]

1. d4 Nf6 2. Nf3 e6 3. c4 Bb4+ 4. Nbd2 b6 5. a3 Bxd2+ 6. Qxd2 h6 7. e3 Bb7 8. Bd3 d6 9. O-O O-O 10. b4 $14 Nbd7 11. Bb2 Ne4 12. Qc2 f5 13. d5 exd5 14. Nd4 Qe7 15. cxd5 g6 16. Ne6 Bxd5 17. Nxc7 Bb7 18. Nxa8 Bxa8 19. f3 Nef6 20. Rae1 Ne5 21. e4 f4 22. Bxe5 Qxe5 23. Bc4+ Kg7 24. Qd3 Rd8 25. Rd1 Rc8 26. Ba6 Rd8 27. Qd4 Qe7 28. e5 Nd5 29. Rfe1 dxe5 30. Rxe5 Qf6 31. Bc4 1-0

[Event "World Junior U20 Open 2018"]
[Site "Gebze"]
[Date "2018.09.07"]
[Round "3.81"]
[White "Ismayilov, Muhammad"]
[Black "Daghan, Devran"]
[Result "1-0"]
[ECO "B51"]
[WhiteElo "2137"]
[BlackElo "2004"]
[Annotator "NA"]
[PlyCount "81"]
[EventDate "2018.09.05"]
[EventType "swiss"]
[EventCountry "TUR"]
[SourceTitle "playchess.com"]
[Source "ChessBase"]
[SourceQuality "1"]
[TimeControl "40/5400+30:1800+30"]

1. e4 c5 2. Nf3 d6 3. d4 cxd4 4. Qxd4 e5 5. Bb5+ Nd7 6. Qd3 h6 7. Be3 Be7 8. Nc3 Ngf6 9. Nd2 O-O 10. Nc4 Qc7 11. Bxd7 Bxd7 12. O-O-O Be6 13. Nd5 Bxd5 14. exd5 Rac8 15. Na3 a6 16. Kb1 b5 17. c3 Nd7 18. g4 Nc5 19. Qd2 Rb8 20. Nc2 a5 21. a3 Na6 22. Rhg1 b4 23. cxb4 axb4 24. g5 bxa3 25. Nxa3 Bxg5 26. Bxg5 hxg5 27. Rxg5 f6 28. Rh5 Qf7 29. Rh3 Nc5 30. Rg1 Ne4 31. Qh6 Rxb2+ 32. Kxb2 Qb7+ 33. Ka1 Ng5 34. Rxg5 fxg5 35. Qh8+ Kf7 36. Rf3+ Kg6 37. Qxf8 Qd7 38. Qg8 e4 39. Rf8 Qa4 40. Qe6+ Kh7 41. Qf5+ 1-0

[Event "World Junior U20 Open 2018"]
[Site "Gebze"]
[Date "2018.09.07"]
[Round "3.82"]
[White "Gunduz, Umut Erdem"]
[Black "Beukema, Christiaan"]
[Result "1-0"]
[ECO "C52"]
[WhiteElo "2119"]
[BlackElo "1904"]
[Annotator "NA"]
[PlyCount "49"]
[EventDate "2018.09.05"]
[EventType "swiss"]
[EventCountry "TUR"]
[SourceTitle "playchess.com"]
[Source "ChessBase"]
[SourceQuality "1"]
[TimeControl "40/5400+30:1800+30"]

1. e4 e5 2. Nf3 Nc6 3. Bc4 Bc5 4. b4 Bxb4 5. c3 Ba5 6. d4 exd4 7. Qb3 Qf6 8. O-O Bb6 9. e5 Qg6 10. cxd4 Na5 11. Qa4 Nxc4 12. Qxc4 Nh6 13. Ba3 Nf5 14. Nc3 d6 15. exd6 cxd6 16. Rfe1+ Kd8 17. Qd5 Bd7 18. Qb3 Rc8 19. Rad1 Bc6 20. Nd5 Bc7 21. Nf4 Bxf3 22. Nxg6 Bxd1 23. Qxf7 hxg6 24. Bc1 Rb8 25. Bg5+ 1-0